 Dungeon Crawl Stone Soup version 0.19-a0-994-g3c636f0 (webtiles) character file.

7147 4thArraOfDagon the Summoner (level 10, -5/69 HPs)
             Began as a Demigod Summoner on July 16, 2016.
             Hit by a large rock thrown by a cyclops (33 damage)
             ... on level 14 of the Dungeon.
             The game lasted 00:40:53 (6115 turns).

4thArraOfDagon the Summoner (Demigod Summoner)      Turns: 6115, Time: 00:40:53

Health: -5/69      AC:  8    Str:  7    XL:     10   Next: 56%
Magic:  27/34      EV: 12    Int: 27    God:
Gold:   685        SH:  0    Dex: 16    Spells: 5 memorised, 3 levels left

rFire  + . .     SeeInvis +     S - +2 flail of Accidental Termination {freeze, rN+ MP+9 Str-4 Int+2}
rCold  . . .     Gourm    .     C - +2 robe of the Ladybird {*Drain +Inv rN+++ Stlth+}
rNeg   + + +     Faith    .     (no shield)
rPois  .         Spirit   .     e - +0 helmet
rElec  .         Dismiss  .     x - +1 cloak
rCorr  .         Reflect  .     w - +0 pair of gloves
SustAt +         Harm     .     (no boots)
MR     +....                    (no amulet)
Stlth  +++.......               M - ring of see invisible
                                u - ring of protection from fire

@: somewhat resistant to hostile enchantments, fairly stealthy
A: high mp 1, sustain attributes
a: Evoke Invisibility


You were on level 14 of the Dungeon.
You were hungry.

You visited 1 branch of the dungeon, and saw 14 of its levels.
You also visited: Ossuary.

You collected 685 gold pieces.

Inventory:

Hand Weapons
 d - a +0 flail of protection
 i - a +1 whip of venom
 j - a -1 club
 k - a +1 war axe
 D - a +3 quick blade
 S - the +2 flail of Accidental Termination (weapon) {freeze, rN+ MP+9 Str-4 Int+2}
   (You found it on level 10 of the Dungeon)

   It has been specially enchanted to freeze those struck by it, causing extra
   injury to most foes and up to half again as much damage against particularly
   susceptible opponents.
   It can also slow down cold-blooded creatures.
   It affects your strength (-4).
   It affects your intelligence (+2).
   It protects you from negative energy.
   It affects your magic capacity (+9).
Missiles
 E - 10 throwing nets (quivered)
Armour
 a - a +0 robe
 e - a +0 helmet (worn)
 h - a +2 buckler
 w - a +0 pair of gloves (worn)
 x - a +1 cloak (worn)
 C - the +2 robe of the Ladybird (worn) {*Drain +Inv rN+++ Stlth+}
   (You found it on level 8 of the Dungeon)

   It renders you almost immune to negative energy.
   It lets you turn invisible.
   It causes draining when unequipped.
   It makes you more stealthy.
 N - the cursed +1 ring mail "Zunywouf" {Str+4}
   (You found it on level 9 of the Dungeon)

   It affects your strength (+4).
   It has a curse placed upon it.
 Q - a +1 plate armour of magic resistance
Magical Staves
 U - an uncursed staff of wizardry {!a}
Jewellery
 u - a ring of protection from fire (left hand)
 M - a ring of see invisible (right hand)
Wands
 p - a wand of confusion (30/48)
 q - a wand of acid (8/15)
 t - a wand of teleportation (4/9)
 J - a wand of paralysis (15/24)
 P - a wand of hasting (1/9)
Scrolls
 n - 2 scrolls of amnesia {unknown}
 r - 4 scrolls of remove curse
 y - 2 scrolls of immolation {unknown}
 B - a scroll of enchant weapon
 F - 5 scrolls of blinking
 G - 3 scrolls of holy word {unknown}
 H - 2 scrolls of teleportation
 K - 3 scrolls of fog {unknown}
 O - a scroll of vulnerability {unknown}
 V - a scroll of fear
 X - 3 scrolls of random uselessness
 Z - 2 scrolls of enchant armour
Potions
 f - 2 potions of curing
 g - 4 potions of heal wounds
 l - a potion of might
 o - 2 potions of agility
 s - 2 potions of brilliance
 v - a potion of lignification
 z - a potion of ambrosia
 A - 3 potions of flight
 I - a potion of resistance
 L - 2 potions of cancellation
 T - 2 potions of magic
Books
 b - a book of Necromancy

   Spells                             Type                      Level
   a - Pain                           Necromancy                   1
   b - Animate Skeleton               Necromancy                   1
   c - Vampiric Draining              Necromancy                   3
   d - Regeneration                   Charms/Necromancy            3
   e - Animate Dead                   Necromancy                   4
   f - Control Undead                 Necromancy                   4
 R - a book of Summonings

   Spells                             Type                      Level
   a - Recall                         Summoning/Translocation      3
   b - Aura of Abjuration             Summoning                    5
   c - Summon Demon                   Summoning                    5
   d - Summon Forest                  Summoning/Translocation      5
   e - Summon Mana Viper              Hexes/Summoning              5
   f - Shadow Creatures               Summoning                    6
Comestibles
 c - 5 bread rations
 m - 7 meat rations
 W - 9 royal jellies


   Skills:
 - Level 1.7 Dodging
 - Level 1.7 Stealth
 + Level 7.4 Spellcasting
 * Level 13.2 Summonings


You had 3 spell levels left.
You knew the following spells:

 Your Spells              Type           Power        Failure   Level  Hunger
b - Call Canine Familiar  Summ           ######..     1%          3    None
c - Summon Lightning Spi  Summ/Air       #####...     3%          4    ##.....
d - Summon Ice Beast      Ice/Summ       #####...     3%          4    ##.....
e - Shadow Creatures      Summ           N/A          4%          6    ######.
f - Summon Guardian Gole  Hex/Summ       #####...     1%          3    None


Dungeon Overview and Level Annotations

Branches:
Dungeon (14/15)            Temple (0/1) D:4            Lair (0/6) D:10
    Orc (0/2) D:12
 Vaults: D:13-14

Shops:
D:10 =


Innate Abilities, Weirdness & Mutations

You have an increased reservoir of magic. (+10% MP)
Your attributes are resistant to harm.


Message History

A crimson imp comes into view.
You see here a large rock.
You feel better.
Your warg bites the cyclops.
The cyclops throws a large rock.
The large rock hits your guardian golem!
Unknown command.
Your warg bites the cyclops!
The cyclops hits your warg!!
Unknown command.
Unknown command.
Your warg bites the cyclops.
A vampire comes into view.
Your warg bites the cyclops!
The crimson imp blinks!
The cyclops hits your warg!!
Your warg dies!
Your warg's corpse disappears in a puff of smoke!
The cyclops shouts!
Unknown command.
Casting: Summon Guardian Golem
Confirm with . or Enter, or press ? or * to list all spells.
The cyclops throws a large rock.
The large rock hits you!!
You die...

............#
...5........#
............#
........§...#
............#
........C...#
........§8..#
.......<.(..#
%.......@...#
........h...#
...V........#
............#
............#
............#
............#
...........#


You could see a cyclops, a vampire, a crimson imp, a friendly guardian golem and
a friendly warg.

Vanquished Creatures
  A yak (D:10)
  A hippogriff (D:10)
  A phantom (D:8)
  2 necrophages (D:11)
  A centaur (D:12)
  2 howler monkeys
  2 crimson imps
  A jelly (D:5)
  3 hounds
  2 orc priests
  2 worker ants
  A big kobold zombie (Ossuary)
  4 gnolls (D:6)
  2 adders (D:5)
  An ooze (D:4)
  An adder skeleton (D:4)
  A giant gecko (D:6)
  5 orcs
  2 giant cockroaches (D:3)
  2 goblins (D:2)
  2 hobgoblins (D:3)
  5 jackals
  2 ball pythons (D:4)
  2 bats (D:3)
  A giant gecko zombie (D:4)
  2 giant newts
  An orc skeleton (D:11)
  2 orc zombies (D:11)
  5 rats
59 creatures vanquished.

Vanquished Creatures (collateral kills)
  3 hill giants
  An ugly thing (D:12)
  A gargoyle (D:13)
  A centaur skeleton (D:10)
  A komodo dragon (D:10)
  A two-headed ogre (D:8)
  2 trolls
  A blink frog (shapeshifter) (D:13)
  5 slime creatures
  2 wraiths (D:11)
  2 yaks (D:10)
  A hungry ghost (D:11)
  A hippogriff (D:11)
  4 vampire mosquitoes (D:12)
  3 wargs (D:12)
  3 ice beasts
  2 sky beasts
  A black bear (D:10)
  7 orc warriors
  2 phantoms
  3 necrophages (D:11)
  5 ogres
  A centaur (D:12)
  2 crocodiles (D:10)
  6 giant frogs
  A wyvern zombie (D:12)
  A wyvern skeleton (D:14)
  A water moccasin zombie (D:10)
  3 scorpions
  A killer bee (D:11)
  A wight (D:11)
  5 howler monkeys
  4 centaur zombies (Ossuary)
  2 human zombies (D:11)
  2 crimson imps
  3 giant frog zombies
  2 hounds
  4 giant frog skeletons
  3 jellies (D:11)
  8 orc wizards
  A gnoll shaman (D:6)
  9 orc priests
  4 iguanas
  4 worker ants
  4 big kobold zombies (Ossuary)
  A hound zombie (D:10)
  A hound skeleton (D:11)
  5 mummies
  31 gnolls
  5 adders
  5 oozes (D:11)
  An adder zombie (D:6)
  4 giant geckos
  24 orcs
  A giant cockroach (D:8)
  2 goblins
  2 hobgoblins (D:2)
  6 jackals (D:6)
  3 quokkas
  A giant gecko skeleton (D:6)
  A giant newt (D:6)
  A hobgoblin zombie (Ossuary)
  A kobold (D:2)
  A quokka skeleton (D:5)
  3 rats
223 creatures vanquished.

Vanquished Creatures (others)
  A hill giant (D:13)
  A plant (D:10)
2 creatures vanquished.

Grand Total: 284 creatures vanquished

Notes
Turn   | Place    | Note
-------+----------+-------------------------------------------
     0 | D:1      | 4thArraOfDagon the Demigod Summoner began the quest for the Orb.
     0 | D:1      | Reached XP level 1. HP: 14/14 MP: 5/5
   176 | D:2      | Found a burning altar of Makhleb.
   181 | D:2      | Found a glowing silver altar of Zin.
   181 | D:2      | Noticed an Executioner
   181 | D:2      | Noticed an angel
   291 | D:2      | Reached XP level 2. HP: 11/20 MP: 2/7
   321 | D:2      | Reached skill level 4 in Summonings
   569 | D:4      | Noticed an ogre
   645 | D:4      | Noticed a howler monkey
   657 | D:4      | Killed a howler monkey
   657 | D:4      | Reached XP level 3. HP: 26/26 MP: 5/9
   662 | D:4      | Learned a level 3 spell: Call Canine Familiar
   663 | D:4      | Noticed an ogre
   867 | D:4      | Reached XP level 4. HP: 25/33 MP: 3/10
   956 | D:4      | Found a staircase to the Ecumenical Temple.
   965 | D:4      | Reached skill level 5 in Summonings
  1119 | D:4      | Killed an ogre
  1119 | D:4      | Reached XP level 5. HP: 29/38 MP: 1/12
  1153 | D:4      | Learned a level 4 spell: Summon Lightning Spire
  1207 | D:5      | Entered Level 5 of the Dungeon
  1506 | D:5      | Noticed an ice beast
  1538 | D:5      | Killed an ice beast
  1637 | D:5      | Reached skill level 6 in Summonings
  1662 | D:5      | Found a sacrificial altar of Ru.
  1728 | D:5      | Reached XP level 6. HP: 29/45 MP: 5/14
  2038 | D:6      | Learned a level 4 spell: Summon Ice Beast
  2314 | D:6      | Reached skill level 7 in Summonings
  2314 | D:6      | Reached XP level 7. HP: 50/50 MP: 12/16
  2806 | D:8      | Got a sheer robe
  2817 | D:8      | Identified the +2 robe of the Ladybird {*Drain +Inv rN+++ Stlth+} (You found it on level 8 of the Dungeon)
  2907 | D:8      | Found an opulent altar of Gozag.
  2908 | D:8      | Noticed a two-headed ogre
  2913 | D:8      | Killed a two-headed ogre
  2913 | D:8      | Reached skill level 8 in Summonings
  3078 | D:8      | Found a sand-covered staircase.
  3084 | Ossuary  | Entered an ossuary
  3241 | Ossuary  | Reached XP level 8. HP: 33/57 MP: 17/17
  3340 | D:9      | Noticed a troll
  3348 | D:9      | Killed a troll
  3348 | D:9      | Reached skill level 9 in Summonings
  3599 | D:9      | Got a jewelled ring mail
  3658 | D:10     | Entered Level 10 of the Dungeon
  3706 | D:10     | Found a staircase to the Lair.
  3762 | D:10     | Identified the cursed +1 ring mail "Zunywouf" {Str+4} (You found it on level 9 of the Dungeon)
  3833 | D:10     | Found Feboatu's Jewellery Boutique.
  3836 | D:10     | Noticed a troll
  3847 | D:10     | Killed a troll
  3847 | D:10     | Reached skill level 10 in Summonings
  3954 | D:9      | Found a deep blue altar of Sif Muna.
  4028 | D:10     | Noticed a komodo dragon
  4037 | D:10     | Killed a komodo dragon
  4071 | D:10     | Reached XP level 9. HP: 48/62 MP: 19/19
  4091 | D:10     | Reached skill level 5 in Spellcasting
  4164 | D:10     | Found a basalt altar of Yredelemnul.
  4198 | D:10     | Noticed a hill giant
  4209 | D:10     | Killed a hill giant
  4209 | D:10     | Reached skill level 11 in Summonings
  4355 | D:10     | Got a bone flail
  4401 | D:10     | Identified the +2 flail of Accidental Termination {freeze, rN+ MP+9 Str-4 Int+2} (You found it on level 10 of the Dungeon)
  4447 | D:10     | Killed a large slime creature
  4490 | D:10     | Learned a level 6 spell: Shadow Creatures
  4712 | D:11     | Found an ancient bone altar of Kikubaaqudgha.
  4791 | D:11     | Reached skill level 12 in Summonings
  5059 | D:13     | Noticed a hill giant
  5073 | D:13     | Killed a hill giant
  5073 | D:13     | Reached XP level 10. HP: 68/68 MP: 23/23
  5106 | D:13     | Learned a level 3 spell: Summon Guardian Golem
  5197 | D:13     | Noticed a hill giant
  5207 | D:13     | Killed a hill giant
  5299 | D:13     | Noticed a hill giant
  5309 | D:13     | Killed a hill giant
  5493 | D:12     | Noticed a brown ugly thing
  5500 | D:12     | Killed a brown ugly thing
  5524 | D:12     | Got a jewelled trident
  5622 | D:11     | Reached skill level 13 in Summonings
  5939 | D:12     | Identified a scroll of acquirement
  5942 | D:12     | Identified the +8 trident of Infection {pierce, *Confuse Dex+8} (You found it on level 12 of the Dungeon)
  5943 | D:12     | rotfl
  5943 | D:12     | :(
  5956 | D:12     | Found a staircase to the Orcish Mines.
  6104 | D:14     | Noticed a cyclops
  6115 | D:14     | Hit by a large rock thrown by a cyclops

Vault maps used:
D:1:      elethiomel_arrival_quiet, minmay_tromino_mix6
D:2:      lemuel_doored_altar, grunt_temple_overflow_order_and_chaos_2,
          grunt_pakellas_sulfur, minivault_27
D:3:      first_bread
D:4:      nemelex_altar_shiori, grunt_tough_drop
D:5:      led_xom_imps, nicolae_ru_sacrificial_ziggurat, serial_bayou_ford_a,
          hangedman_abyss_or_decor_stagger, fountainhead, bh_chokoban,
          minmay_misc_feat_tower, grunt_ministairs_6
D:6:      lemuel_castle_with_subvaults, kennysheep_generic_room_8
D:7:      led_sif_pool
D:8:      overflow_temple_1_default, nicolae_ossuary_entry_plus
D:9:      kennysheep_spiral_hall, basic_altar
D:10:     minmay_distorted_concentric_squares, dpeg_oklobed_lair, basic_altar,
          serial_shops, shop
D:11:     hangedman_little_slice_of_home, lemuel_mausoleum_altar_kikubaaqudgha
D:12:     david_orc_1_choice, serial_co_window_serial,
          co_window_of_opportunity_a, co_window_cross_1,
          co_window_of_opportunity_a, co_window_paths_a, co_window_paths_a,
          co_window_of_opportunity_a, co_window_unsneaky_path_b,
          co_window_corner_b, co_window_corner_b, co_window_paths_c,
          co_window_broadway_c, co_window_unsneaky_path_b,
          co_window_unsneaky_path_d, glass_columns_a, glass_columns_a,
          glass_columns_a, glass_columns_a, glass_columns_b
D:13:     minivault_19
D:14:     hangedman_vaults_entry_quadrant_bands, minmay_misc_feat_tiny,
          minmay_misc_feat_room, basic_loot_grate_trap, spider_trap,
          nrook_mini_vaults
Ossuary:  ossuary_the_hunt_dpeg

Skill      XL: |  1  2  3  4  5  6  7  8  9 10 |
---------------+-------------------------------+-----
Spellcasting   | 2 3 4 6 7 |  7.4
Summonings     | 4 5 6 7 8 10 12 13 | 13.2
Dodging        | |  1.7
Stealth        | |  1.7

Action                   |  1- 3 |  4- 6 |  7- 9 | 10-12 || total
-------------------------+-------+-------+-------+-------++-------
Melee: Unarmed           |    12 |       |       |       ||    12
       Club              |     9 |       |       |       ||     9
       Flail             |    38 |   107 |   158 |    57 ||   360
Throw: Throwing net      |       |       |     2 |       ||     2
 Cast: Summon Small Mamm |    27 |    38 |    20 |     2 ||    87
       Call Canine Famil |     2 |    21 |    32 |    10 ||    65
       Summon Lightning  |       |     2 |    22 |    11 ||    35
       Summon Ice Beast  |       |       |     1 |     3 ||     4
       Summon Guardian G |       |       |       |     6 ||     6
  Use: Scroll            |     7 |     3 |    16 |     4 ||    30
       Potion            |     1 |     1 |     1 |     1 ||     4
 Stab: Sleeping          |     3 |     3 |     4 |       ||    10
       Distracted        |       |     3 |     3 |     2 ||     8
  Eat: Chunk             |       |     2 |     1 |     4 ||     7
       Fruit             |       |    12 |     7 |       ||    19
       Royal jelly       |       |       |     1 |       ||     1
Armor: Robe              |    29 |    44 |    58 |    13 ||   144
Dodge: Dodged            |    37 |    82 |   107 |    54 ||   280
Block: Buckler           |    10 |    29 |       |       ||    39
